 Dungeon Crawl Stone Soup version 0.30-a0-939-gc8157cb160 (webtiles) character file.

Game seed: 14603052712548745044

8264 porpoise the Fighter (level 11, -1/84 HPs)
             Began as a Djinni Fire Elementalist on Mar 25, 2023.
             Was a Priest of Makhleb.
             Slain by a yak (9 damage)
             ... on level 9 of the Dungeon on Mar 26, 2023.
             The game lasted 01:00:32 (12357 turns).

porpoise the Fighter (Djinni Fire Elementalist)    Turns: 12357, Time: 01:00:32

Health: -1/84      AC:  5    Str:  7    XL:     11   Next: 52%
Gold:   742        EV: 15    Int: 26    God:    Makhleb [***...] SH:  0 Dex: 15

rFire   + + .      SeeInvis .    G - +3 scimitar (flame)
rCold   x . .      Faith    .    (no shield)
rNeg    + . .      Spirit   .    o - +0 steam dragon scales
rPois   ∞          Reflect  .    (no helmet)
rElec   .          Rampage  .    (no cloak)
rCorr   .                        (no gloves)
Will    +....                    (boots unavailable)
Stlth   +++                      (no amulet)
HPRegen 0.34/turn                k - +6 ring of intelligence
MPRegen 0.00/turn                t - ring of positive energy

@: flying
A: sickness immunity, fire resistance 2, cold vulnerability 1, float, innate
caster, HP casting, extra vitality 1
a: Renounce Religion, Minor Destruction, Lesser Servant of Makhleb


You were on level 9 of the Dungeon.
You worshipped Makhleb.
Makhleb was most pleased with you.
You visited 2 branches of the dungeon, and saw 10 of its levels.
You also visited: Sewer.

You collected 742 gold pieces.

Inventory:

Hand Weapons
 a - a +2 dagger of draining
 b - a +1 sling
 G - a +3 scimitar of flaming (weapon)
 K - a +2 dagger of venom
Missiles
 q - 8 atropa-tipped darts (quivered)
 D - a curare-tipped dart
 E - 29 poisoned darts
 L - 2 boomerangs
Armour
 i - an orb of wrath
 o - +0 steam dragon scales (worn)
 p - +0 swamp dragon scales
 A - the +0 ring mail of the Ziggurats {Will+}
   (You found it on level 5 of the Dungeon)

   Will:      It increases your willpower.
 O - a +1 robe of willpower
Jewellery
 e - a +6 ring of dexterity
 k - a +6 ring of intelligence (left hand)
 t - a ring of positive energy (right hand)
 N - a +4 ring of protection
Wands
 F - a wand of flame (4)
 M - a wand of digging (9)
Scrolls
 d - a scroll of teleportation
 f - a scroll of enchant armour
 h - 4 scrolls of magic mapping
 j - 2 scrolls of enchant weapon
 n - 4 scrolls of identify
 s - 2 scrolls of immolation
 u - a scroll of poison {unknown}
 w - a scroll of noise {unknown}
 x - a scroll of fear {unknown}
 y - a scroll of silence {unknown}
 B - a scroll of brand weapon {unknown}
Potions
 c - 5 potions of mutation
 l - 6 potions of curing
 m - a potion of lignification
 r - 2 potions of brilliance
 v - 2 potions of attraction
 z - a potion of flight {unknown}
 C - 2 potions of ambrosia


   Skills:
 - Level 9.0 Fighting
 + Level 4.7 Short Blades
 - Level 2.0 Maces & Flails
 + Level 4.1 Armour
 - Level 7.0 Dodging
 - Level 5.0 Stealth
 - Level 7.0 Spellcasting
 - Level 4.0 Invocations
 + Level 2.3 Evocations


You knew the following spells:

 Your Spells              Type           Power      Damage    Failure   Level
a - Foxfire               Conj/Fire      100%       2x1d9     1%          1
b - Scorch                Fire           90%        2d10      1%          2
c - Kindle Blastsparks    Fire/Tloc/Air  90%        2d17      1%          3
d - Inner Flame           Hex/Fire       45%        N/A       1%          3
e - Flame Wave            Conj/Fire      45%        2d12      3%          4
f - Kiss of Death         Conj/Necr      100%       2d13      1%          1
i - Call Imp              Summ           45%        N/A       1%          2
l - Leda's Liquefaction   Hex/Erth       22%        N/A       3%          4
p - Passage of Golubria   Tloc           45%        N/A       3%          4
w - Wereblood             Tmut           45%        N/A       1%          2
Your spell library was empty.

Dungeon Overview and Level Annotations

Branches:
Dungeon (9/15)             Temple (1/1) D:4           Sewer (visited)
   Lair: D:8-11         Orc: D:9-12

Altars:
Ashenzari
Cheibriados
Dithmenos
Elyvilon
Fedhas
Gozag
Hepliaklqana
Makhleb
Nemelex Xobeh
Okawaru
Qazlal
Ru
Trog
Uskayaw
Wu Jian
Xom
Yredelemnul
Zin
The Shining One

Annotations:
D:8 exclusion: 2 downstairs


Innate Abilities, Weirdness & Mutations

You are immune to sickness and miasma.
You are immune to poison.
Your flesh is very heat resistant. (rF++)
You are vulnerable to cold. (rC-)
You float through the air rather than walking.
You learn spells naturally, not from books.
Your magical power is your life essence.
You have superior vitality. (+4 MHP)


Message History

A wave of flame ripples out!
The flame wave engulfs the yak!
The yak is heavily wounded.
The flame wave engulfs the yak!!
The yak is heavily wounded. (Press . to intensify the flame waves.)
The yak bellows!
The yak gores you! x2
* * * LOW HITPOINT WARNING * * *
A wave of flame ripples out!
The flame wave engulfs the yak.
The yak is heavily wounded.
The flame wave engulfs the yak.
The yak is lightly wounded.
The flame wave engulfs the yak!
The yak is severely wounded.
The flame wave engulfs the yak!
The yak is moderately wounded.
* * * LOW HITPOINT WARNING * * *
You hear a shout!
The yak closely misses you. The yak barely misses you. x2
A wave of flame ripples out!
The flame wave engulfs the yak!
The yak is severely wounded.
The flame wave engulfs the yak!
The yak is heavily wounded.
The flame wave engulfs the yak!
You kill the yak!
Makhleb accepts your kill.
You feel better.
The flame wave engulfs the yak!
The yak is severely wounded.
* * * LOW HITPOINT WARNING * * *
You finish channelling waves of flame.
You hear a shout!
The yak barely misses you. The yak gores you!
* * * LOW HITPOINT WARNING * * *
The yak misses you.
Okay, then.
As you read the scroll labelled DIOVVIARHADUA, it crumbles to dust.
Your body is wracked with pain!
* * * LOW HITPOINT WARNING * * *
The yak convulses! x3; It was a scroll of torment.
The yak gores you!
You die...

#..# #..# #..# #..# #
#######..################.#
..........................#
..........................#
####........?...†....<....#
#...........Y@Y........#
####.#######.....Y........#
#..#....#..####...........#
.#............##..........#
#............ ##.).>.....#
#.....#..##. #...#######
.....#...### .#..#
....##.....##. ...#..
..##.........##....##


You could see 3 yaks.

Vanquished Creatures
  A boulder beetle (D:7)
  Erica (D:8)
  Maurice (D:8)
  Maggie (D:8)
  10 yaks
  4 wyverns
  A steam dragon (D:9)
  Edmund (D:6)
  3 water moccasins
  2 black bears
  4 orc warriors (D:8)
  2 ice beasts
  4 centaurs
  An ogre (D:8)
  5 kobold brigands
  2 phantoms (D:6)
  Blork the orc (D:6)
  4 bullfrogs
  2 scorpions
  4 wights (D:8)
  A water moccasin zombie (D:6)
  5 electric eels
  2 centaur zombies (D:6)
  4 orc priests (D:8)
  7 jellies
  5 hounds
  A bullfrog skeleton (D:6)
  4 gnoll boudas
  An iguana (D:5)
  8 orc wizards
  A killer bee zombie (D:6)
  A howler monkey zombie (D:6)
  17 gnolls
  6 adders
  A river rat (D:4)
  A white imp (D:6)
  A worm (D:4)
  9 dart slugs
  42 orcs
  7 ball pythons
  2 bats
  11 endoplasms
  6 goblins
  7 hobgoblins
  4 jackals
  18 kobolds
  3 quokkas (D:4)
  3 frilled lizards
  3 rats
235 creatures vanquished.

Vanquished Creatures (collateral kills)
  A jelly (D:5)
1 creature vanquished.

Vanquished Creatures (others)
  531 foxfires
  8 fungi (D:5)
  35 plants (D:8)
  6 toadstools (D:5)
  2 withered plants (D:6)
582 creatures vanquished.

Grand Total: 818 creatures vanquished

Notes
Turn   | Place    | Note
-------+----------+-------------------------------------------
     0 | D:1      | porpoise the Djinni Fire Elementalist began the quest for
                  | the Orb.
     0 | D:1      | porpoise set off with the following spells memorised:
                  | Foxfire, Scorch, Kindle Blastsparks, Inner Flame, Flame
                  | Wave.
     0 | D:1      | Reached XP level 1. HP: 15/15 MP: 0/0
   210 | D:1      | Reached skill level 1 in Fighting
   210 | D:1      | Reached XP level 2. HP: 22/22 MP: 0/0
  1253 | D:2      | Reached XP level 3. HP: 26/27 MP: 0/0
  1253 | D:2      | Learned a level 1 spell: Kiss of Death
  1762 | D:2      | Reached skill level 2 in Fighting
  2057 | D:3      | Reached XP level 4. HP: 31/33 MP: 0/0
  2916 | D:3      | Found a bloodstained altar of Trog.
  3023 | D:4      | Found a glowing drain.
  3036 | D:4      | Reached XP level 5. HP: 22/40 MP: 0/0
  3036 | D:4      | Learned a level 2 spell: Call Imp
  3122 | Sewer    | Entered a sewer
  3181 | Sewer    | Noticed a water moccasin
  3188 | Sewer    | Killed a water moccasin
  3189 | Sewer    | Reached skill level 3 in Fighting
  3189 | Sewer    | Reached XP level 6. HP: 43/47 MP: 0/0
  3384 | D:4      | Reached skill level 4 in Fighting
  3674 | D:4      | Found a blossoming altar of Fedhas.
  3769 | D:4      | Found a staircase to the Ecumenical Temple.
  3775 | Temple   | Entered the Ecumenical Temple
  3824 | D:4      | Noticed a black bear
  4024 | D:4      | Reached XP level 7. HP: 47/53 MP: 0/0
  4024 | D:4      | Learned a level 2 spell: Wereblood
  4294 | D:5      | Entered Level 5 of the Dungeon
  4445 | D:4      | Reached skill level 5 in Fighting
  4840 | D:5      | Reached skill level 5 in Spellcasting
  5173 | D:4      | Reached XP level 8. HP: 56/61 MP: 0/0
  5212 | D:5      | Identified the +0 ring mail of the Ziggurats {Will+}
  5318 | D:5      | Found an iron altar of Okawaru.
  5318 | D:5      | Found an opulent altar of Gozag.
  5318 | D:5      | Found a burning altar of Makhleb.
  5329 | D:5      | Became a worshipper of Makhleb the Destroyer
  5484 | D:5      | Reached skill level 6 in Fighting
  5800 | D:5      | Noticed a slime creature
  5802 | D:5      | Noticed a slime creature
  6376 | D:6      | Reached skill level 7 in Fighting
  6379 | D:6      | Reached * piety under Makhleb
  6471 | D:6      | Noticed Edmund
  6488 | D:6      | Killed Edmund
  6489 | D:6      | Reached skill level 1 in Invocations
  6489 | D:6      | Reached XP level 9. HP: 35/68 MP: 0/0
  6489 | D:6      | Learned a level 4 spell: Leda's Liquefaction
  7223 | D:6      | Noticed Blork the orc
  7224 | D:6      | Reached skill level 8 in Fighting
  7229 | D:6      | Killed Blork the orc
  7405 | D:6      | Found a sacrificial altar of Ru.
  7406 | D:6      | Found a stormy altar of Qazlal.
  7885 | D:7      | Found a basalt altar of Yredelemnul.
  7898 | D:7      | Noticed a boulder beetle
  7920 | D:7      | Killed a boulder beetle
  7921 | D:7      | Reached skill level 9 in Fighting
  7921 | D:7      | Reached XP level 10. HP: 12/78 MP: 0/0
  8508 | D:7      | Found an ornate altar of the Wu Jian Council.
  8662 | D:8      | Reached ** piety under Makhleb
  8682 | D:8      | Reached skill level 5 in Dodging
  9073 | D:8      | Reached skill level 1 in Short Blades
  9356 | D:8      | Noticed Maggie
  9643 | D:8      | Killed Maggie
  9986 | D:8      | Found a hide-covered altar of Uskayaw.
 10084 | D:8      | Reached *** piety under Makhleb
 10085 | D:8      | Reached skill level 5 in Stealth
 10506 | D:8      | Reached XP level 11. HP: 81/84 MP: 0/0
 10506 | D:8      | Learned a level 4 spell: Passage of Golubria
 10566 | D:8      | Reached skill level 1 in Armour
 10698 | D:8      | Noticed Maurice
 10709 | D:8      | Killed Maurice
 10946 | D:8      | Noticed Erica
 10957 | D:8      | Killed Erica
 11177 | D:8      | Found a snail-covered altar of Cheibriados.
 11239 | D:8      | Reached skill level 1 in Evocations
 11353 | D:8      | Found a white marble altar of Elyvilon.
 12357 | D:9      | Slain by a yak

Illustrated notes

Levels and vault maps discovered:
D:1:      saegor_arrival_simple_c, layout_basic
D:2:      layout_basic, serial_forest, infiniplex_forest_straight_4,
          infiniplex_forest_lined_room_2, infiniplex_forest_clump_diagonal,
          infiniplex_forest_side_room, infiniplex_forest_clump_small,
          infiniplex_forest_lined_1, infiniplex_forest_clump_large
D:3:      kennysheep_slugbush, layout_basic, trog_hazing_becter
D:4:      layout_rooms, fedhas_altar_2, led_sif_book,
          minmay_temple_entry_metal_lava, portal_sewer_entry_c
D:5:      cheibrodos_fertilizer, layout_loops_cross,
          gammafunk_temple_overflow_claw
D:6:      layout_cave_pools, nicolae_overflow_two_pavilions, serial_undead,
          serial_undead_c, serial_undead_c, serial_undead_c, serial_undead_a,
          uniq_edmund, uniq_blork_the_orc
D:7:      layout_rooms, vehumet_crystals, general_overflow_altar,
          mainiacjoe_overflow_cross_hatched
D:8:      layout_basic, lemuel_tele_altar, mainiacjoe_overflow_alcove_4,
          nicolae_uskayaw_suspiria, serial_bayou, serial_bayou_shore_b,
          serial_bayou_lake_a, serial_bayou_pond_a, special_room
          [special_room_orc], chequers_arboretum, uniq_maurice, uniq_erica,
          uniq_maggie
D:9:      hellmonk_ruined_rings, layout_long_grid, serial_shops, shop,
          nicolae_shop_hallway_plus, shop, nicolae_lakefront_shop,
          nicolae_square_shop
Temple:   nicolae_temple_ecumenical_triangle

Skill      XL: |  1  2  3  4  5  6  7  8  9 10 11 |
---------------+----------------------------------+-----
Fighting       | 1 2 3 4 5 7 9 |  9.0
Spellcasting   | 3 4 5 6 7 |  7.0
Invocations    | 1 4 |  4.0
Maces & Flails | 2 |  2.0
Stealth        | 5 |  5.0
Dodging        | 6 7 |  7.0
Short Blades   | 2 4 |  4.7
Armour         | 4 |  4.1
Evocations     | 2 |  2.3

Action                     |  1- 3 |  4- 6 |  7- 9 | 10-12 || total
---------------------------+-------+-------+-------+-------++-------
  Melee: Unarmed           |     4 |       |       |       ||     4
         Whip              |       |       |    58 |     5 ||    63
         Punch             |       |       |     1 |     2 ||     3
         Dagger            |       |       |       |    70 ||    70
         Scimitar          |       |       |       |     4 ||     4
   Fire: Sling             |    27 |    36 |     8 |       ||    71
  Throw: Dart              |       |       |     5 |       ||     5
   Cast: Foxfire           |    35 |    79 |    84 |   105 ||   303
         Scorch            |       |     6 |    68 |    47 ||   121
         Call Imp          |       |       |     3 |     4 ||     7
         Wereblood         |       |       |     2 |       ||     2
         Kindle Blastspark |       |       |     2 |       ||     2
         Flame Wave        |       |       |     5 |    11 ||    16
         Kiss of Death     |       |       |       |     1 ||     1
  Evoke: Wand              |       |       |     2 |    17 ||    19
    Use: Scroll            |     6 |     9 |     4 |     3 ||    22
         Potion            |       |       |     1 |     3 ||     4
   Stab: Sleeping          |       |       |       |     3 ||     3
 Armour: Robe              |     3 |    10 |    32 |    11 ||    56
         Swamp dragon scal |       |       |       |     8 ||     8
  Dodge: Dodged            |     7 |    38 |   130 |   103 ||   278

Table legend: (Time is in decaauts)
 A = Elapsed time spent in this place.
 B = Non-inter-level travel time spent in this place.
 C = Inter-level travel time spent in this place.
 D = Time resting spent in this place.
 E = Time spent auto-exploring this place.
 F = Levels seen in this place.
 G = Mean time per level.
                   A        B        C        D        E       F      G
               +--------+--------+--------+--------+--------+-----+--------+
         Total |  12391 |  12041 |    350 |   5004 |   4565 |  11 | 1126.5 |
       Dungeon |  12192 |  11860 |    332 |   4990 |   4541 |   9 | 1354.7 |
        Temple |     43 |     25 |     18 |      0 |     19 |   1 |   43.0 |
         Sewer |    155 |    155 |      0 |     14 |      5 |   1 |  155.0 |
               +--------+--------+--------+--------+--------+-----+--------+

Top non-repeatable levels by time:
     D:8: 3298 daAuts
     D:4: 1903 daAuts
     D:6: 1261 daAuts
     D:5: 1248 daAuts
     D:3: 1101 daAuts
     D:7: 1034 daAuts
     D:1: 1017 daAuts
     D:2: 909 daAuts
     D:9: 417 daAuts
   Sewer: 155 daAuts
  Temple: 43 daAuts
